 Dungeon Crawl Stone Soup version 0.29.1-15-g9cfb28693d (webtiles) character file.

Game seed: 5258079959813688226

229216 Chiseanne the Tortoise (level 18, -13/160 (165) HPs)
             Began as a Demonspawn Wanderer on Feb 11, 2023.
             Was an Initiate of Gozag.
             Killed from afar by Nikola (55 damage)
             ... with an arc of chain lightning
             ... on level 1 of the Shoals on June 11, 2023.
             The game lasted 02:34:15 (48485 turns).

Chiseanne the Tortoise (Demonspawn Wanderer)       Turns: 48485, Time: 02:34:16

HP:   -13/160 (165) AC: 51    Str: 24    XL:     18   Next: 73%
MP:   14/18         EV: 15    Int: 16    God:    Gozag
Gold: 1006          SH: 35    Dex: 19    Spells: 17/17 levels left

rFire   + . .      SeeInvis +   a - +2 war axe (venom)
rCold   + . .      Faith    .   f - +4 tower shield {rN+}
rNeg    + . .      Spirit   .   H - +9 scales of the Dragon King {rPois rF+ rC+ Will+}
rPois   +          Reflect  +   (helmet unavailable)
rElec   +          Harm     .   D - +1 cloak
rCorr   +          Rampage  .   A - +1 pair of gloves {infuse}
Will    ++...                   Q - +2 pair of boots "Guepif" {Drain rCorr SInv}
Stlth   ..........              g - amulet "Poerru" {Reflect Contam rElec Str+6 SH+5 SInv}
HPRegen 0.36/turn               l - +6 ring of dexterity
MPRegen 0.16/turn               h - +4 ring of evasion

@: gold aura, studying Short Blades, lightly drained
A: horns 3, rugged brown scales 3, foul stench 2, icemail 2, condensation shield
}: 1/15 runes: gossamer
a: Renounce Religion, Potion Petition, Call Merchant, Bribe Branch


You were on level 1 of the Shoals.
You worshipped Gozag.
Gozag was most pleased with you.
You visited 8 branches of the dungeon, and saw 32 of its levels.

You collected 13498 gold pieces.
You spent 5286 gold pieces at shops.
You paid 7206 gold pieces to Gozag.

Inventory:

Hand Weapons
 a - a +2 war axe of venom (weapon)
 d - a +7 morningstar of protection
 s - a +2 scimitar of flaming
Missiles
 e - 4 silver javelins
 m - 6 javelins
 q - 22 boomerangs
 P - 3 throwing nets (quivered)
Armour
 f - a +4 tower shield of positive energy (worn)
 A - a +1 pair of gloves of infusion (worn)
 D - a +1 cloak (worn)
 H - the +9 scales of the Dragon King (worn) {rPois rF+ rC+ Will+}
   (You bought it in a shop on level 7 of the Dungeon)

   rF:        It protects you from fire.
   rC:        It protects you from cold.
   rPois:     It protects you from poison.
   Will:      It increases your willpower.
 Q - the +2 pair of boots "Guepif" (worn) {Drain rCorr SInv}
   (You bought it in a shop on level 12 of the Dungeon)

   SInv:      It lets you see invisible.
   rCorr:     It protects you from acid and corrosion.
   Drain:     It drains your maximum health when unequipped.
Jewellery
 g - the amulet "Poerru" (around neck) {Reflect Contam rElec Str+6 SH+5 SInv}
   (You found it on level 2 of the Spider Nest)

   [amulet of reflection]

   It reflects blocked missile attacks.
   Str:       It affects your strength (+6).
   rElec:     It insulates you from electricity.
   SInv:      It lets you see invisible.
   Contam:    It causes magical contamination when unequipped.
   SH:        It affects your SH (+5).
 h - a +4 ring of evasion (right hand)
 l - a +6 ring of dexterity (left hand)
 v - an amulet of regeneration
 z - the ring "Viowyus" {Fly rC+}
   (You took it off a deep elf blademaster on level 3 of the Elven Halls)

   [ring of flight]

   rC:        It protects you from cold.
   Fly:       It grants you flight.
 K - the amulet of the Air {Inacc Air Fly rElec RMsl}
   (You took it off a deep elf zephyrmancer on level 3 of the Elven Halls)

   [amulet of nothing]

   It reduces the accuracy of all your attacks.
   It enhances your air magic.
   rElec:     It insulates you from electricity.
   Fly:       It grants you flight.
   RMsl:      It protects you from missiles.
Wands
 b - a wand of roots (9)
 L - a wand of flame (20)
 U - a wand of quicksilver (8)
Scrolls
 n - 2 scrolls of magic mapping
 p - 3 scrolls of immolation
 r - 4 scrolls of silence
 u - 12 scrolls of teleportation
 x - 3 scrolls of fog
 y - 15 scrolls of identify
 C - a scroll of fear
 F - a scroll of blinking
 O - a scroll of poison
Potions
 c - a potion of magic
 i - a potion of berserk rage
 o - 9 potions of curing
 t - 7 potions of cancellation
 E - a potion of resistance
 J - a potion of lignification
 M - 4 potions of flight
 N - 7 potions of ambrosia
Miscellaneous
 j - a phantom mirror (inert)
 B - a tin of tremorstones (2/2)
 V - a phial of floods


   Skills:
 - Level 17.4 Fighting
 - Level 18.9 Armour
 + Level 15.0 Dodging
 - Level 18.8 Shields


You had 17 spell levels left.
You didn't know any spells.
Your spell library contained the following spells:

 Spells                   Type           Power      Damage    Failure   Level
 Apportation              Tloc           0%         N/A       100%        1
 Foxfire                  Conj/Fire      0%         2x1d4     100%        1
 Magic Dart               Conj           0%         1d3       100%        1
 Necrotise                Necr           0%         1d4       100%        1
 Summon Small Mammal      Summ           0%         N/A       100%        1
 Call Imp                 Summ           0%         N/A       100%        2
 Ensorcelled Hibernation  Hex/Ice        0%         N/A       100%        2
 Scorch                   Fire           0%         2d5       100%        2
 Searing Ray              Conj           0%         2d4       100%        2
 Call Canine Familiar     Summ           0%         N/A       100%        3
 Conjure Flame            Conj/Fire      0%         6-21      100%        3
 Frozen Ramparts          Ice            0%         1d1       100%        3
 Ignite Poison            Fire/Tmut/Pois 0%         N/A       100%        3
 Inner Flame              Hex/Fire       0%         N/A       100%        3
 Mephitic Cloud           Conj/Pois/Air  0%         N/A       100%        3
 Portal Projectile        Hex/Tloc       0%         N/A       100%        3
 Spider Form              Tmut/Pois      0%         N/A       100%        3
 Summon Guardian Golem    Hex/Summ       0%         N/A       100%        3
 Anguish                  Hex/Necr       0%         N/A       100%        4
 Animate Armour           Summ/Erth      0%         N/A       100%        4
 Dispel Undead            Necr           0%         3d6       100%        4
 Flame Wave               Conj/Fire      0%         2d4       100%        4
 Fulminant Prism          Conj/Hex       0%         3d6       100%        4
 Hailstorm                Conj/Ice       0%         3d3       100%        4
 Ice Form                 Ice/Tmut       0%         N/A       100%        4
 Leda's Liquefaction      Hex/Erth       0%         N/A       100%        4
 Olgreb's Toxic Radiance  Pois           0%         N/A       100%        4
 Passage of Golubria      Tloc           0%         N/A       100%        4
 Petrify                  Tmut/Erth      0%         N/A       100%        4
 Sticky Flame             Conj/Fire      0%         2d3       100%        4
 Summon Ice Beast         Ice/Summ       0%         N/A       100%        4
 Blade Hands              Tmut           0%         N/A       100%        5
 Freezing Cloud           Conj/Ice/Air   0%         6-21      100%        5
 Lee's Rapid Deconstruct  Erth           0%         3d5*      100%        5
 Metabolic Englaciation   Hex/Ice        0%         N/A       100%        5
 Silence                  Hex/Air        0%         N/A       100%        5
 Summon Forest            Summ/Tloc      0%         N/A       100%        5
 Summon Mana Viper        Hex/Summ       0%         N/A       100%        5
 Iron Shot                Conj/Erth      0%         9d1       100%        6
 Statue Form              Tmut/Erth      0%         N/A       100%        6
 Summon Cactus Giant      Summ           0%         N/A       100%        6
 Malign Gateway           Summ/Tloc      0%         N/A       100%        7
 Ozocubu's Refrigeration  Ice            0%         4d7       100%        7
 Borgnjor's Revivificati  Necr           0%         N/A       100%        8
 Ignition                 Fire           0%         3d3       100%        8
 Lehudib's Crystal Spear  Conj/Erth      0%         10d2      100%        8
 Summon Horrible Things   Summ           0%         N/A       100%        8
 Simulacrum               Ice/Necr       Unusable   N/A       N/A         6

Dungeon Overview and Level Annotations

Branches:
Dungeon (15/15)            Temple (1/1) D:6            Lair (5/5) D:9
 Shoals (1/4) Lair:2       Spider (4/4) Lair:3        Slime (0/5) Lair:5
    Orc (2/2) D:10            Elf (3/3) Orc:2        Vaults (1/5) D:13
 Depths (0/4) D:15

Altars:
Ashenzari
Cheibriados
Dithmenos
Fedhas
Gozag
Hepliaklqana
Kikubaaqudgha
Makhleb
Nemelex Xobeh
Okawaru
Qazlal
Ru
Sif Muna
Trog
Uskayaw
Vehumet
Wu Jian
Xom
Yredelemnul
Jiyva

Shops:
D:1 [   D:6 (   D:7 [:   D:9 ((   D:11 [   D:12 [   D:15 [([=   Orc:2 ([!:
Elf:3 ([

Annotations:
D:12 exclusion: statue
D:13 1 transporter, exclusion: upstairs
Temple 2 transporters
Lair:5 exclusion: obsidian statue
Shoals:1 Nikola
Spider:2 Roxanne
Orc:2 exclusion: upstairs
Elf:2 5 runed translucent doors, exclusion: 2 downstairs


Innate Abilities, Weirdness & Mutations

You have a pair of large horns on your head.
You are completely covered in rugged brown scales. (AC +3, +7% HP)
You sometimes emit foul miasma when damaged in melee.
A meltable icy envelope protects you from harm. (AC +8)
A meltable shield of frost defends you. (SH +4)


Message History

Nikola blinks!
You see here 18 gold pieces.
You slice Nikola!!
Nikola looks as sick as possible!
You headbutt Nikola, but do no damage.
Nikola is lightly wounded.
Nikola shimmers and vanishes!
You block Nikola's attack.
You closely miss Nikola. You headbutt Nikola.
Nikola is moderately wounded.
You slash the manticore!
The manticore is poisoned.
You block the manticore's attack. x3
Nikola casts a spell.
Lightning arcs from Nikola's hands!
The bolt of lightning hits you!!! You resist.
A bolt of lightning appears from out of thin air!
The bolt of lightning hits Nikola!
The bolt of lightning hits the manticore!!!
The manticore dies!
The bolt of lightning hits the merfolk siren!!!
The merfolk siren dies!
You hear an angry hiss.
You hear a shout! x5; You hear an angry hiss.
You slice Nikola!!
Nikola looks as sick as possible!
Nikola is heavily wounded.
Nikola is distracted by your dazzling golden aura.
You catch the helpless Nikola completely off-guard!
You hit Nikola.
Nikola looks as sick as possible!
Nikola is no longer distracted by gold.
You headbutt Nikola!
Nikola is heavily wounded.
A wind drake comes into view.
Nikola gestures wildly while chanting.
Lightning arcs from Nikola's hands!
The bolt of lightning hits you!!! You resist.
* * * LOW HITPOINT WARNING * * *
A bolt of lightning appears from out of thin air!
The bolt of lightning hits Nikola.
Nikola casts a spell.
Lightning arcs from Nikola's hands!
The bolt of lightning hits you!!! You resist.
You die...
Your body crumbles into a pile of gold.

~~~~~P~.# #...###....~
).P.....###^....#.....
...PP~~...........~~~~
..P~≈≈PP..|...)..~~~≈≈
.P≈≈≈≈~~.........~~~~~
.≈≈≈≈≈~~........~~....
~≈≈≈≈~~..........~.#..
≈≈≈~~~~<)##...........
$
P≈~P~~.).###@.....~~~≈
~≈~~~~..## #@$##.~≈≈≈≈
≈≈~~~~~.. ?.....~~≈~~
≈≈≈~P~... $.......~~~
≈~~~~~........~~~~~~
≈~~P~~.......~~~~~~~
P~~~P......k)~~~~~~.
......~###~~.. $


You could see Nikola (extremely poisoned) and a wind drake (wandering, repels
missiles).

Vanquished Creatures
  Jorgrun (Orc:2)
  Rupert (D:12)
  A deep elf blademaster (Elf:3)
  2 deep elf master archers (Elf:3)
  Gastronok (D:12)
  An orc warlord (Orc:1)
  6 deep elf sorcerers (Elf:3)
  3 ghost moths
  3 vault wardens (Vaults:1)
  6 emperor scorpions
  11 deep elf elementalists
  2 ironbound preservers (Vaults:1)
  3 broodmothers
  A war gargoyle (Vaults:1)
  4 deep elf demonologists (Elf:3)
  4 entropy weavers
  3 dire elephants (Lair:5)
  Azrael (Spider:3)
  A spark wasp (Spider:4)
  9 deep elf annihilators
  6 deep elf death magi (Elf:3)
  2 ettins
  Josephine (D:12)
  Snorg (Lair:4)
  2 crystal guardians (Vaults:1)
  A deep elf high priest (Elf:3)
  2 yaktaur captains (Vaults:1)
  Fannar (Lair:1)
  5 boulder beetles
  A peacekeeper (Vaults:1)
  Harold (Lair:2)
  An ogre mage (D:15)
  3 centaur warriors
  6 hydras
  2 ironbound frosthearts (Vaults:1)
  7 two-headed ogres
  2 radroaches
  20 dancing weapons
  2 tengu warriors (D:14)
  11 deep elf knights
  5 death yaks
  2 spectral death yaks (Lair:5)
  A sun moth (Spider:2)
  A steelbarb worm (Spider:4)
  10 deep trolls
  6 pharaoh ants
  A spectral anaconda (Lair:5)
  7 skeletal warriors
  8 orb spiders
  A sea snake (Shoals:1)
  An ironbound convoker (Vaults:1)
  2 wizards (Vaults:1)
  8 lindwurms
  Pikel (D:4)
  7 deep elf archers
  14 wolf spiders
  3 orc knights
  3 necromancers (Lair:5)
  27 ugly things
  19 deep elf zephyrmancers
  13 deep elf pyromancers
  A moth of wrath (shapeshifter) (D:14)
  3 cyclopes
  2 manticores (D:12)
  2 orc sorcerers
  2 moths of wrath
  17 elephants
  5 vault sentinels (Vaults:1)
  A dire elephant skeleton (Lair:5)
  Joseph (D:7)
  8 black mambas
  5 torpor snails
  A gargoyle (D:10)
  13 cane toads
  2 unseen horrors
  3 rime drakes (Lair:5)
  6 demonic crawlers
  8 yaktaurs (Vaults:1)
  12 komodo dragons
  A komodo dragon (shapeshifter) (Orc:2)
  5 tengu conjurers
  11 trolls
  A merfolk (Shoals:1)
  6 meliai
  2 polar bears
  6 hornets
  30 tarantellas
  9 blink frogs
  10 dream sheep
  16 jumping spiders
  17 slime creatures
  Sigmund (D:6)
  8 culicivoras
  2 shadows
  4 air elementals
  4 wyverns
  A spriggan (shapeshifter) (D:13)
  2 water elementals
  A vampire (D:12)
  5 wraiths
  47 yaks
  2 humans (D:9)
  Eustachio (D:3)
  5 fire elementals
  2 vampire mosquitoes (D:13)
  A chaos spawn (Elf:2)
  5 basilisks
  62 redbacks
  Menkaure (D:5)
  4 steam dragons
  2 death yak simulacra (Lair:5)
  A spectral cane toad (Lair:5)
  9 wargs
  2 hell hounds (Spider:3)
  13 water moccasins
  21 orc warriors
  3 ice beasts
  2 elephant zombies (Lair:5)
  2 sky beasts (D:8)
  3 black bears
  A wolf (D:8)
  6 ogres
  A centaur (D:9)
  An elephant skeleton (Lair:5)
  3 lemures
  A phantom (D:5)
  A kobold brigand (D:8)
  11 bullfrogs
  2 scorpions
  An earth elemental (Elf:1)
  2 cane toad simulacra (Lair:5)
  5 killer bees (D:8)
  9 howler monkeys
  5 electric eels
  7 hounds
  5 jellies
  11 orc priests
  A gnoll bouda (D:5)
  Ijyb (D:5)
  17 iguanas
  19 orc wizards
  8 gnolls
  8 adders
  3 shadow imps
  A white imp (D:8)
  An ufetubus (D:7)
  2 worms
  5 dart slugs
  90 orcs
  6 ball pythons
  2 endoplasms
  3 giant cockroaches
  7 goblins
  10 hobgoblins
  3 jackals (D:1)
  4 kobolds
  9 quokkas
  4 bats
  16 frilled lizards
  6 rats
1001 creatures vanquished.

Vanquished Creatures (collateral kills)
  A deep elf sorcerer (Elf:2)
  A broodmother (Spider:2)
  A dancing weapon (Elf:2)
  An orb spider (Spider:2)
  3 tarantellas (Spider:2)
  3 redbacks (Spider:2)
10 creatures vanquished.

Vanquished Creatures (others)
  A ghost moth (Spider:4)
  A shadow wraith (D:13)
  A wizard (D:13)
  A deep elf zephyrmancer (Elf:3)
  An ugly thing (Vaults:1)
  4 deep elf pyromancers
  A merfolk siren (Shoals:1)
  A manticore (Shoals:1)
  A culicivora (Spider:1)
  An air elemental (Elf:2)
  A water elemental (Elf:1)
  32 fungi
  37 plants
  25 withered plants (Lair:5)
108 creatures vanquished.

Grand Total: 1119 creatures vanquished

Notes
Turn   | Place    | Note
-------+----------+-------------------------------------------
     0 | D:1      | Chiseanne the Demonspawn Wanderer began the quest for the
                  | Orb.
     0 | D:1      | Chiseanne set off with the following items: a +0 club, a
                  | potion of lignification, a +0 scale mail, a potion of heal
                  | wounds, a +0 buckler of protection.
     0 | D:1      | Reached XP level 1. HP: 18/18 MP: 1/1
     1 | D:1      | Noticed an electric eel
   201 | D:1      | Gained mutation: You are partially covered in rugged brown
                  | scales. (AC +1, +3% HP) [demonic ancestry]
   201 | D:1      | Reached XP level 2. HP: 7/24 MP: 2/2
   819 | D:1      | Reached skill level 1 in Dodging
   885 | D:1      | Gained mutation: You are mostly covered in rugged brown
                  | scales. (AC +2, +5% HP) [demonic ancestry]
   885 | D:1      | Reached XP level 3. HP: 22/30 MP: 3/3
  1028 | D:1      | Found a faded altar of an unknown god.
  1138 | D:1      | Found Imoz's Antique Armour Emporium.
  2018 | D:3      | Reached XP level 4. HP: 36/37 MP: 4/4
  2231 | D:3      | Reached skill level 5 in Shields
  2549 | D:3      | Found a glowing drain.
  2822 | D:3      | Gained mutation: You have a pair of small horns on your
                  | head. [demonic ancestry]
  2822 | D:3      | Reached XP level 5. HP: 38/44 MP: 5/5
  3446 | D:4      | Noticed Eustachio
  3475 | D:3      | Killed Eustachio
  3476 | D:3      | Reached XP level 6. HP: 51/51 MP: 6/6
  3866 | D:4      | Reached XP level 7. HP: 53/57 MP: 7/7
  4170 | D:4      | Reached skill level 5 in Fighting
  4316 | D:4      | Noticed Pikel
  4640 | D:5      | Entered Level 5 of the Dungeon
  4649 | D:5      | Found a burning altar of Makhleb.
  4777 | D:5      | Identified the +7 chain mail of Serendipity {rPois Int-5
                  | Dex+2 Stlth+}
  4907 | D:5      | Noticed Ijyb
  4920 | D:5      | Killed Ijyb
  5146 | D:5      | Noticed Menkaure
  5153 | D:5      | Killed Menkaure
  5416 | D:5      | Reached XP level 8. HP: 31/66 MP: 8/8
  5987 | D:5      | Identified a scroll of acquirement
  5987 | D:5      | Acquired 1079 gold pieces
  6080 | D:6      | Found a snail-covered altar of Cheibriados.
  6480 | D:6      | Found an ancient bone altar of Kikubaaqudgha.
  6585 | D:6      | Found a staircase to the Ecumenical Temple.
  6671 | Temple   | Entered the Ecumenical Temple
  6671 | Temple   | Found a transporter.
  6671 | Temple   | Found a transporter.
  6673 | Temple   | Found a transporter.
  6673 | Temple   | Found a transporter.
  6687 | Temple   | Became a worshipper of Gozag Ym Sagoz the Greedy
  6754 | D:6      | Noticed Sigmund
  6763 | D:6      | Killed Sigmund
  6764 | D:6      | Reached skill level 5 in Armour
  6876 | D:6      | Found Nutt's Weapon Shop.
  7587 | D:4      | Killed Pikel
  7588 | D:4      | Reached skill level 5 in Dodging
  7588 | D:4      | Gained mutation: A meltable shield of frost defends you.
                  | (SH +4) [demonic ancestry]
  7588 | D:4      | Reached XP level 9. HP: 54/74 MP: 9/9
  7931 | D:7      | Bought a pair of runed boots for 172 gold pieces
  8229 | D:7      | Noticed Joseph
  8255 | D:7      | Killed Joseph
  8451 | D:7      | Found a stormy altar of Qazlal.
  8693 | D:7      | Found Xirchex's Self-Improvement Boutique.
  9358 | D:8      | Gained mutation: A meltable icy envelope protects you from
                  | harm. (AC +8) [demonic ancestry]
  9358 | D:8      | Reached XP level 10. HP: 72/84 MP: 10/10
  9913 | D:9      | Noticed a five-headed hydra
 10825 | D:9      | Noticed a two-headed ogre
 10833 | D:9      | Killed a two-headed ogre
 10907 | D:9      | Found a staircase to the Lair.
 11017 | D:9      | Killed a five-headed hydra
 11018 | D:9      | Gained mutation: You are completely covered in rugged brown
                  | scales. (AC +3, +7% HP) [demonic ancestry]
 11018 | D:9      | Reached XP level 11. HP: 65/95 MP: 7/11
 11258 | D:9      | Found an ornate altar of the Wu Jian Council.
 11374 | D:9      | Found an iron altar of Okawaru.
 11425 | D:9      | Acquired 341 gold pieces
 11444 | D:10     | Entered Level 10 of the Dungeon
 11776 | D:10     | Noticed a two-headed ogre
 11789 | D:10     | Killed a two-headed ogre
 12119 | D:10     | Paralysed by a hornet for 1 turns
 12462 | D:10     | Found a staircase to the Orcish Mines.
 12721 | D:11     | Found Akkuetui's Antique Armour Shoppe.
 13121 | D:11     | Noticed a two-headed ogre
 13127 | D:11     | Killed a two-headed ogre
 13788 | D:12     | Noticed Gastronok
 14161 | D:12     | Reached skill level 10 in Fighting
 14197 | D:12     | Noticed a two-headed ogre
 14201 | D:12     | Noticed a green ugly thing
 14213 | D:12     | Killed a two-headed ogre
 14380 | Orc:1    | Entered Level 1 of the Orcish Mines
 14458 | Orc:1    | Reached skill level 10 in Shields
 14558 | Orc:2    | Entered Level 2 of the Orcish Mines
 15094 | Orc:1    | Noticed an orc sorcerer
 15157 | Orc:1    | Paralysed by an orc sorcerer for 3 turns
 15306 | Orc:2    | Found a staircase to the Elven Halls.
 15470 | D:7      | Bought the +9 scales of the Dragon King {rPois rF+ rC+
                  | Will+} for 2870 gold pieces
 15470 | D:7      | Found the +9 scales of the Dragon King {rPois rF+ rC+
                  | Will+}
 15722 | Orc:2    | Reached XP level 12. HP: 92/104 MP: 9/12
 15722 | Orc:2    | Noticed an orc warlord
 15843 | Orc:1    | Killed an orc warlord
 16279 | Orc:2    | Found Giow's Antique Weapon Emporium.
 16324 | Orc:2    | Found Rachyaf's Antique Armour Shoppe.
 16335 | Orc:2    | Bought a runed scimitar for 217 gold pieces
 16495 | Orc:2    | Found Kyso's Book Boutique.
 16665 | Orc:2    | Found Jeshraab's Distillery.
 16691 | Orc:2    | Bought a potion of ambrosia for 136 gold pieces
 16691 | Orc:2    | Bought a potion of might for 68 gold pieces
 16722 | Orc:1    | Noticed an orc warlord
 16810 | Lair:1   | Entered Level 1 of the Lair of Beasts
 17270 | Lair:1   | You fall into a shaft and drop 1 floor!
 17285 | Lair:2   | Found a staircase to the Shoals.
 17291 | Lair:2   | Reached skill level 10 in Armour
 17613 | Lair:2   | Identified the +1 robe "Yfoggeaf" {Int+2}
 17736 | Lair:2   | Noticed Harold
 17760 | Lair:2   | Killed Harold
 17761 | Lair:2   | Reached skill level 10 in Dodging
 18347 | Lair:1   | Noticed Fannar
 18370 | Lair:1   | Killed Fannar
 18579 | Lair:1   | Gained mutation: You have a pair of horns on your head.
                  | [demonic ancestry]
 18579 | Lair:1   | Reached XP level 13. HP: 84/115 MP: 11/13
 21356 | Lair:3   | Found a hole to the Spider Nest.
 21457 | Lair:3   | Identified the +3 leather armour "Yrphothru" {Dex+4}
 21473 | Lair:3   | Identified the +5 scimitar "Grim Tooth" {vorpal, Contam
                  | rF+++ rN+ Int+4}
 22215 | Lair:4   | Gained mutation: You have a pair of large horns on your
                  | head. [demonic ancestry]
 22215 | Lair:4   | Reached XP level 14. HP: 78/126 MP: 9/14
 22330 | Lair:4   | Noticed Snorg
 22344 | Lair:4   | Killed Snorg
 23072 | Lair:5   | Entered Level 5 of the Lair of Beasts
 23196 | Lair:5   | Found a hazy altar of Hepliaklqana.
 23404 | Lair:5   | Found a staircase to the Slime Pits.
 23406 | Lair:5   | Found a viscous altar of Jiyva.
 24281 | Lair:5   | Identified the +0 chain mail of Jigsaw {Fly rElec Int-3
                  | Slay+5}
 25515 | D:9      | Bought a glowing scimitar for 245 gold pieces
 25518 | D:9      | Bought a runed scimitar for 245 gold pieces
 25673 | D:12     | Killed Gastronok
 25755 | D:12     | Noticed Josephine
 25779 | D:12     | Killed Josephine
 26174 | D:12     | Noticed Rupert
 26567 | D:13     | Found a transporter.
 27301 | D:13     | Found a gate to the Vaults.
 27565 | D:12     | Killed Rupert
 28032 | D:12     | Gained mutation: You may rarely emit foul miasma when
                  | damaged in melee. [demonic ancestry]
 28032 | D:12     | Reached XP level 15. HP: 128/135 MP: 13/15
 28111 | D:12     | Found Visoded's Antique Armour Boutique.
 28128 | D:12     | Bought a pair of shimmering boots for 180 gold pieces
 28128 | D:12     | Identified the +2 pair of boots "Guepif" {Drain rCorr SInv}
                  | (You bought it in a shop on level 12 of the Dungeon)
 28347 | D:12     | Found a radiant altar of Vehumet.
 28435 | D:14     | Reached skill level 15 in Fighting
 29086 | D:14     | Found an ancient bone altar of Kikubaaqudgha.
 29392 | D:14     | Found a shimmering blue altar of Sif Muna.
 30382 | D:15     | Entered Level 15 of the Dungeon
 32003 | D:15     | Found a staircase to the Depths.
 32189 | D:15     | Bought a +2 tower shield of positive energy for 296 gold
                  | pieces
 32253 | D:15     | Upgraded the game from 0.29.1-13-g9f3cf754e1 to
                  | 0.29.1-15-g9cfb28693d
 32541 | Spider:1 | Entered Level 1 of the Spider Nest
 33071 | Spider:1 | You fall into a shaft and drop 1 floor!
 33111 | Spider:2 | Found a runed translucent door.
 33192 | Spider:2 | Identified the +4 ring mail "Zofyrritie" {Drain Str+4
                  | Slay+3}
 33216 | Spider:2 | Gained mutation: You sometimes emit foul miasma when
                  | damaged in melee. [demonic ancestry]
 33216 | Spider:2 | Reached XP level 16. HP: 103/147 MP: 16/16
 33456 | Spider:2 | Noticed Roxanne
 33651 | Spider:2 | Reached skill level 15 in Armour
 34623 | Spider:2 | Identified the amulet "Poerru" {Reflect Contam rElec Str+6
                  | SH+5 SInv}
 35405 | D:7      | Bought a manual of Shields for 800 gold pieces
 35937 | Spider:3 | Reached skill level 15 in Shields
 36208 | Spider:3 | Noticed Azrael
 36236 | Spider:3 | Killed Azrael
 36755 | Spider:4 | Entered Level 4 of the Spider Nest
 37705 | Spider:4 | Reached XP level 17. HP: 148/156 MP: 0/17
 38597 | Spider:4 | Got a gossamer rune of Zot
 39040 | Vaults:1 | Entered Level 1 of the Vaults
 41104 | Vaults:1 | Acquired a manual of Armour
 42045 | Elf:1    | Entered Level 1 of the Elven Halls
 42045 | Elf:1    | Noticed Jorgrun
 42056 | Orc:2    | Killed Jorgrun
 42106 | Orc:2    | Paralysed by an air elemental for 1 turns
 42109 | Orc:2    | Paralysed by an air elemental for 1 turns
 42849 | Elf:1    | Identified the +2 robe of Lies {rC+}
 43441 | Elf:1    | Paralysed by an air elemental for 1 turns
 43583 | Elf:2    | Gained mutation: A meltable icy envelope protects you from
                  | harm. (AC +8) [demonic ancestry]
 43583 | Elf:2    | Reached XP level 18. HP: 165/165 MP: 14/18
 43583 | Elf:2    | Paralysed by an air elemental for 1 turns
 44023 | Elf:3    | Entered Level 3 of the Elven Halls
 44453 | Elf:2    | Found a huge runed translucent gate.
 44453 | Elf:2    | Found a huge runed translucent gate.
 44454 | Elf:2    | Found a huge runed translucent gate.
 44455 | Elf:2    | Found a huge runed translucent gate.
 44468 | Elf:2    | Found a huge runed translucent gate.
 44860 | Elf:3    | Found Jouwaos's Armour Boutique.
 44925 | Elf:3    | Found Bodor's Weapon Emporium.
 45171 | Elf:3    | Noticed a Tzitzimitl
 45319 | Elf:3    | Noticed an Ice Fiend
 45769 | Elf:3    | Identified the ring "Viowyus" {Fly rC+}
 45771 | Elf:3    | Identified the +5 great sword of the Boar {chaos, Dex+2}
 46157 | Elf:3    | Identified the ring "Wopraif" {+Blink rN+ Will+ MP-9 SInv}
 46729 | Elf:2    | Identified the +1 robe "Sabolaas" {rElec rC- Int+2 SInv}
 47129 | Elf:3    | Identified the +3 chain mail of Jugg {Harm Drain rPois
                  | rCorr}
 47397 | Elf:3    | Got the Secrets of Hiemal Evil Arts
 47649 | Elf:3    | Reached skill level 15 in Dodging
 47657 | Elf:3    | Identified the +3 scale mail of the Dragon {Str-5 Dex+7}
 47660 | Elf:3    | Identified the +1 ring mail "Sireg" {rC++ Will+ Int+3}
 48191 | D:15     | Acquired 1044 gold pieces
 48198 | D:15     | Bought a throwing net for 57 gold pieces
 48449 | Shoals:1 | Entered Level 1 of the Shoals
 48476 | Shoals:1 | Noticed Nikola
 48485 | Shoals:1 | Killed from afar by Nikola

Illustrated notes

Levels and vault maps discovered:
D:1:      arrival_aquarium_a, layout_rooms,
          dreamdust_ecumenical_altar_sealed_demon, serial_shops,
          nicolae_diamond_shop, st_stairs_9
D:2:      layout_rooms
D:3:      wad_woods_settlement, layout_basic, lemuel_coloured_pillars_altar,
          gup_sewer_entry_glass, kennysheep_generic_room_7
D:4:      layout_rooms, st_stairs_14, minmay_ruptured, uniq_eustachio,
          uniq_pikel
D:5:      layout_basic, lemuel_doored_altar, chequers_serial_rivers_small_a,
          lemuel_flame_loot_1, uniq_menkaure, uniq_ijyb
D:6:      kennysheep_steamy, layout_loops_cross, kennysheep_slug_shrine,
          nicolae_kikubaaqudgha_miasma_corner, minmay_temple_entry_glass,
          serial_shops, kennysheep_little_box, uniq_sigmund
D:7:      layout_loops_cross, nicolae_qazlal_general_emergency,
          hangedman_decor_clover_reticule, nicolae_shop_self_help, uniq_joseph
D:8:      layout_rooms, serial_rivers, chequers_serial_rivers_micro_e,
          chequers_serial_rivers_marsh, chequers_serial_rivers_micro_a,
          chequers_serial_rivers_micro_c, chequers_serial_rivers_room_b,
          minmay_starry_boxes
D:9:      kennysheep_ambush_hall, layout_cave_pools,
          nicolae_overflow_crystal_walls, okawaru_humans, erik_lair_island,
          serial_column_ruins, column_ruins_hut_ruined, column_ruins_hut,
          column_ruins_columns_straight, column_ruins_open_small,
          column_ruins_open_tiny, minmay_misc_feat_ornament
D:10:     layout_long_grid, hiddenorc1_lemuel
D:11:     layout_layer_cave, serial_shops, nicolae_shop_statue_plus
D:12:     layout_basic, serial_shops, nicolae_shop_waterfront, vehumet_statue,
          uniq_rupert, uniq_gastronok, uniq_josephine
D:13:     emtedronai_trogs_sanctum, layout_basic, david_vaults_4
D:14:     layout_cave_pods, hangedman_feature_mirror, item_on_display_b
D:15:     hangedman_depths_entry_civil_slaughter, layout_loops_ring,
          nicolae_lava_and_water
Temple:   hellmonk_temple_divided_pantheon
Lair:1:   lemuel_reptile_caves, layout_gridlike, uniq_fannar
Lair:2:   layout_regular_city, elwin_shoals_entry_rocks, ldierk_geyser,
          beast_lair_carwin_7, grunt_megastairs_4, lemuel_fruit_tree,
          uniq_harold
Lair:3:   layout_gridlike, spider_nest_entry_funnel_web, st_stairs_11,
          minmay_lindwurm_lava
Lair:4:   layout_regular_city, uniq_snorg
Lair:5:   due_jungle_book, layout_regular_city, minmay_slime_entry_pillars,
          basic_altar
Shoals:1: layout_shoals, ebering_ghost_xom, uniq_kirke, uniq_nikola
Spider:1: layout_spider_delve, hangedman_spider_tarantella_strand
Spider:2: cheibrodos_spider_deadly_dance, uniq_roxanne
Spider:3: layout_spider_delve, uniq_azrael
Spider:4: spider_rune_water, nicolae_spider_jagged_tunnels
Orc:1:    layout_caves, nicolae_orc_lost_temple
Orc:2:    grunt_orc_community_town_hall, layout_caves,
          grunt_orc_community_big_house_1, grunt_orc_community_big_house_1,
          grunt_orc_community_house_3, grunt_orc_community_house_2,
          grunt_orc_community_house_2, grunt_orc_community_house_3, basic_altar
Elf:1:    nicolae_elf_arrival_aired_out, layout_gridlike, minivault_28,
          corexii_hall_statues_i, uniq_jorgrun
Elf:2:    elven_hall_of_blades_hangedman_alternative
          [nicolae_blade_entry_crossed_weapons], layout_loops_cross,
          nicolae_elf_free_trip_to_the_abyss, uniq_zenata
Elf:3:    minmay_elf_hall_hex, layout_loops_cross,
          lightli_enter_wizlab_magi_temple, serial_shops,
          nicolae_shop_behind_doors, nicolae_shop_trees
Vaults:1: ontoclasm_vaults_pinch, vaults_room_boxed,
          nicolae_vaults_border_crossing, nicolae_vaults_three_branches,
          nicolae_vaults_little_squares_5, vaults_standard_mumra_lines,
          vaults_room_pool, v_misc_3, v_misc_26, vaults_dpeg_ring,
          layout_vaults_quadrants

Skill      XL: |  1  2  3  4  5  6  7  8  9 10 11 12 13 14 15 16 17 18 |
---------------+-------------------------------------------------------+-----
Armour         | 2 3 4 5 6 8 9 10 12 13 14 15 18 | 18.9
Dodging        | 1 2 3 5 6 7 9 10 11 15 | 15.0
Shields        | 5 6 7 8 9 10 12 13 18 | 18.8
Fighting       | 4 5 6 7 9 10 12 13 14 16 17 | 17.4

Action                   |  1- 3 |  4- 6 |  7- 9 | 10-12 | 13-15 | 16-18 || total
-------------------------+-------+-------+-------+-------+-------+-------++-------
Melee: Mace              |   152 |       |       |       |       |       ||   152
       Long sword        |    14 |   143 |   276 |       |       |       ||   433
       Headbutt          |       |    15 |    89 |   250 |   551 |   461 ||  1366
       Hand axe          |       |       |   162 |   855 |  1139 |   579 ||  2735
       Whip              |       |       |       |    26 |     5 |       ||    31
       Morningstar       |       |       |       |       |   390 |   433 ||   823
       War axe           |       |       |       |       |       |   414 ||   414
       Scimitar          |       |       |       |       |       |     2 ||     2
Throw: Dart              |     1 |     6 |    17 |     9 |       |       ||    33
       Javelin           |       |       |       |     9 |     6 |       ||    15
       Throwing net      |       |       |       |     1 |     2 |     1 ||     4
Invok: Call Merchant     |       |       |     1 |       |     3 |     3 ||     7
       Potion Petition   |       |       |       |       |       |     1 ||     1
Evoke: Wand              |       |       |     5 |    26 |    21 |    21 ||    73
       Tin of tremorston |       |       |       |       |     6 |     4 ||    10
       Phantom mirror    |       |       |       |       |       |     2 ||     2
  Use: Scroll            |     5 |     4 |     9 |    10 |     8 |    15 ||    51
       Potion            |       |     1 |     2 |     3 |     3 |     5 ||    14
 Stab: Distracted        |       |       |     3 |    12 |     9 |     7 ||    31
       Held in net/web   |       |       |       |     1 |     4 |       ||     5
Armor: Scale mail        |   126 |    55 |    34 |       |       |       ||   215
       Chain mail        |       |       |   270 |   331 |       |       ||   601
       Gold dragon scale |       |       |       |   333 |  1332 |  1077 ||  2742
Dodge: Dodged            |   101 |    65 |   184 |   310 |   337 |   586 ||  1583
Block: Buckler           |    60 |    33 |   160 |   659 |   269 |       ||  1181
       Tower shield      |       |       |       |       |  1950 |  3186 ||  5136
       Reflection        |       |       |       |       |       |    95 ||    95
